 Dungeon Sprint DCSS version 0.30.1-9-gdf580d7c3d (webtiles) character file.

Game seed: 3818489598160262791

830 Heoruswealwe the Spear-Bearer (level 7, 0/73 HPs)
             Began as a Minotaur Fighter on Oct 2, 2023.
             Slain by a cyclops (18 damage)
             ... in the Dungeon (Sprint IX: "|||||||||||||||||||||||||||||").
             The game lasted 00:01:15 (148 turns).

Heoruswealwe the Spear-Bearer (Minotaur Fighter)     Turns: 148, Time: 00:01:16

Health: 0/73       AC:  8    Str: 22    XL:     7   Next: 65%
Magic:  6/6        EV:  9    Int:  5    God:
Gold:   0          SH:  4    Dex: 10    Spells: 6/6 levels left

rFire   . . .        a - +0 trident
rCold   . . .        d - +0 buckler
rNeg    . . .        c - +0 scale mail
rPois   .            (helmet restricted)
rElec   .            (no cloak)
rCorr   .            (no gloves)
SInv    .            (no boots)
Will    .....        (no amulet) Stlth
                     (no ring)
HPRegen 0.32/turn    (no ring)
MPRegen 0.10/turn

%: no teleportation
@: no status effects
A: horns 2, retaliatory headbutt
a: no special abilities


You were in the Dungeon.
You visited 1 branch

Inventory:

Hand Weapons
 a - a +0 trident (weapon)
Armour
 c - a +0 scale mail (worn)
 d - a +0 buckler (worn)
Jewellery
 m - a +3 ring of strength
 n - a +2 ring of protection
Wands
 l - a wand of iceblast (10)
Scrolls
 j - 2 scrolls of blinking
 k - 2 scrolls of amnesia
Potions
 b - a potion of might
 e - 5 potions of curing
 f - 3 potions of heal wounds
 g - a potion of haste
 h - a potion of invisibility
 i - a potion of berserk rage


   Skills:
 + Level 10.8 Fighting
 * Level 14.2 Polearms
 + Level 10.7 Armour
 - Level 3.6 Shields


You had 6 spell levels left.
You didn't know any spells.
Your spell library was empty.

Dungeon Overview and Level Annotations

Branches:
Dungeon (1/1)

Altars:
Cheibriados
Dithmenos
Elyvilon
Fedhas
Gozag
Hepliaklqana
Kikubaaqudgha
Makhleb
Nemelex Xobeh
Okawaru
Qazlal
Ru
Sif Muna
Trog
Uskayaw
Vehumet
Wu Jian
Xom
Yredelemnul
Zin
The Shining One
Jiyva
Lugonu


Innate Abilities, Weirdness & Mutations

You have a pair of horns on your head.
You reflexively headbutt those who attack you in melee.


Message History

You kill the yak!
Your Fighting skill increases to level 10!
Your Polearms skill increases to level 13!
Your Armour skill increases to level 10!
The yak gores you.
You see here a +0 shortbow.
You completely miss the yak. You block the yak's attack.
You puncture the yak! You headbutt the yak!
The yak is heavily wounded.
The yak barely misses you.
You hit the yak. Your headbutt misses the yak.
The yak is severely wounded.
You barely miss the yak.
The yak is severely wounded.
The yak gores you but does no damage.
You hit the yak.
The yak is severely wounded.
You block the yak's attack.
You barely miss the yak.
The yak is severely wounded.
You closely miss the yak. Your headbutt misses the yak.
The yak is severely wounded.
The yak closely misses you.
You puncture the yak!
You kill the yak!
Your Polearms skill increases to level 14!
You see here a yak corpse.
You open the door.
A vampire mosquito, a centaur warrior, 2 deep elf pyromancers, a shadow and a cyclops come into view.
The vampire mosquito buzzes angrily.
The centaur warrior shouts!
The deep elf pyromancer shouts!
The cyclops shouts!
The cyclops hits you!!
* * * LOW HITPOINT WARNING * * *
There is an open door, spattered with blood here.
You hit the cyclops.
The cyclops is lightly wounded.
You hit the cyclops. Your headbutt misses the cyclops.
The cyclops is moderately wounded.
The cyclops hits you!!
You die...

▓+▓
▓e▓
▓y▓
▓c▓
▓e▓
▓W▓
▓C▓
▓@▓
▓.▓
▓.▓
▓.▓
▓†▓
▓)▓
▓)▓
▓'▓
▓.▓


You could see a centaur warrior, a cyclops, 2 deep elf pyromancers, a vampire
mosquito and a shadow.

Vanquished Creatures
  3 yaks (D)
  A wraith (D)
  A black bear (D)
  A centaur (D)
  2 orc wizards (D)
  An adder (D)
  An orc (D)
  A bat (D)
  A goblin (D)
  A quokka (D)
  3 ball pythons (D)
16 creatures vanquished.

Notes
Turn   | Place    | Note
-------+----------+-------------------------------------------
     0 | D        | Heoruswealwe the Minotaur Fighter began the quest for the
                  | Orb.
     0 | D        | Reached XP level 1. HP: 19/19 MP: 0/0
     9 | D        | Reached skill level 3 in Polearms
    27 | D        | Noticed an orc wizard
    27 | D        | Noticed a black bear
    31 | D        | Reached skill level 4 in Polearms
    31 | D        | Reached XP level 2. HP: 28/28 MP: 1/1
    37 | D        | Reached skill level 5 in Polearms
    41 | D        | Killed a black bear
    42 | D        | Reached skill level 8 in Polearms
    42 | D        | Reached XP level 3. HP: 33/38 MP: 2/2
    42 | D        | Reached XP level 4. HP: 39/45 MP: 3/3
    60 | D        | Found a snail-covered altar of Cheibriados.
    60 | D        | Found a shadowy altar of Dithmenos.
    60 | D        | Found a white marble altar of Elyvilon.
    60 | D        | Found a blossoming altar of Fedhas.
    60 | D        | Found an opulent altar of Gozag.
    61 | D        | Found a hazy altar of Hepliaklqana.
    62 | D        | Found a viscous altar of Jiyva.
    63 | D        | Found an ancient bone altar of Kikubaaqudgha.
    64 | D        | Found a corrupted altar of Lugonu.
    65 | D        | Found a burning altar of Makhleb.
    66 | D        | Found a sparkling altar of Nemelex Xobeh.
    67 | D        | Found an iron altar of Okawaru.
    68 | D        | Found a stormy altar of Qazlal.
    69 | D        | Found a sacrificial altar of Ru.
    70 | D        | Found a shimmering blue altar of Sif Muna.
    71 | D        | Found a bloodstained altar of Trog.
    72 | D        | Found a hide-covered altar of Uskayaw.
    73 | D        | Found a radiant altar of Vehumet.
    74 | D        | Found an ornate altar of the Wu Jian Council.
    75 | D        | Found a shimmering altar of Xom.
    76 | D        | Found a basalt altar of Yredelemnul.
    77 | D        | Found a glowing silver altar of Zin.
    78 | D        | Found a glowing golden altar of the Shining One.
   102 | D        | Noticed a yak
   102 | D        | Noticed a yak
   102 | D        | Noticed a centaur
   102 | D        | Noticed a yak
   102 | D        | Noticed a wraith
   108 | D        | Killed a wraith
   109 | D        | Reached skill level 11 in Polearms
   109 | D        | Reached XP level 5. HP: 56/56 MP: 4/4
   109 | D        | Reached XP level 6. HP: 62/62 MP: 5/5
   122 | D        | Killed a yak
   123 | D        | Reached skill level 12 in Polearms
   127 | D        | Reached XP level 7. HP: 54/71 MP: 6/6
   131 | D        | Killed a yak
   132 | D        | Reached skill level 10 in Fighting
   132 | D        | Reached skill level 13 in Polearms
   132 | D        | Reached skill level 10 in Armour
   140 | D        | Killed a yak
   141 | D        | Reached skill level 14 in Polearms
   145 | D        | Noticed a deep elf pyromancer
   145 | D        | Noticed a vampire mosquito
   145 | D        | Noticed a centaur warrior
   145 | D        | Noticed a deep elf pyromancer
   145 | D        | Noticed a shadow
   145 | D        | Noticed a cyclops
   148 | D        | Slain by a cyclops

Illustrated notes

Levels and vault maps discovered:
D:        linesprint [early_d, line_temple, items_1, d_10, items_2, lair_1,
          lair_end, items_3, orc_1, orc_end, items_4, d_15, swamp_1, shoals_1,
          snake_1, spider_1, d_20, vaults_1, items_5, swamp_end, shoals_end,
          snake_end, spider_end, vaults_end, d_27, items_6, zot_1, zot_end,
          crypt_end, forest_end, elf_end, slime_end, tomb_end, abyss_end,
          pan_hell_end]

Skill      XL: |  1  2  3  4  5  6  7 |
---------------+----------------------+-----
Fighting       | 4 6 8 9 10 | 10.8
Polearms       | 4 8 11 12 14 | 14.2
Armour         | 4 6 8 9 10 | 10.7
Shields        | |  3.6

Action                     |  1- 3 |  4- 6 |  7- 9 || total
---------------------------+-------+-------+-------++-------
  Melee: Trident           |    22 |    34 |    15 ||    71
         Headbutt          |     7 |     8 |     2 ||    17
 Armour: Scale mail        |    12 |    17 |     1 ||    30
  Dodge: Dodged            |    16 |     7 |     2 ||    25
  Block: Buckler           |     7 |     6 |     3 ||    16
